 Dungeon Sprint DCSS version bcrawl-1.21 (webtiles) character file.

Game seed: 3560373881395508159

12527 Freyura the Impaler (level 11, 0/95 HPs)
             Began as a Merfolk Fighter on Feb 15, 2020.
             Was the Champion of the Shining One.
             Slain by a troll (3 damage)
             ... in the Dungeon (Sprint IX: "|||||||||||||||||||||||||||||").
             The game lasted 00:10:44 (2191 turns).

Freyura the Impaler (Merfolk Fighter)               Turns: 2191, Time: 00:10:44

Health: 0/95       AC: 17    Str: 22    XL:     11   Next: 94%
Magic:  19/19      EV: 18    Int:  7    God:    the Shining One [******]
Gold:   1278       SH: 13    Dex: 17    Spells: 10/10 levels left

rFire    . . .     SeeInvis .   a - +2 trident
rCold    . . .     Gourm    .   c - +0 shield
rNeg     + + +     Faith    .   p - +1 scale mail
rPois    .         Spirit   .   w - +0 helmet
rElec    .         Reflect  .   o - +0 cloak
rCorr    .         Harm     .   n - +0 pair of gloves
MR       .....     NoTele   +   (no boots)
Stlth    ..........             (no amulet)
HPRegen  0.25/turn              q - +2 ring of protection
MPRegen  0.16/turn              r - +2 ring of protection

@: mighty, berserk cooldown, slowed, glowing, very slow
A: change form in water, swift swim, stealthy swim
a: Divine Shield, Cleansing Flame, Summon Divine Warrior, Brand Weapon With Holy
Wrath, Renounce Religion


You were in the Dungeon.
You worshipped the Shining One.
The Shining One was exalted by your worship.
You were not hungry.

You visited 1 branch You collected 1278 gold pieces.

Inventory:

Hand Weapons
 a - a +2 trident (weapon)
Armour
 c - a +0 shield (worn)
 n - a +0 pair of gloves (worn)
 o - a +0 cloak (worn)
 p - a +1 scale mail (worn)
 w - a +0 helmet (worn)
Jewellery
 q - a +2 ring of protection (left hand)
 r - a +2 ring of protection (right hand)
Wands
 m - a wand of iceblast (8)
Scrolls
 j - 2 scrolls of remove curse
 k - 3 scrolls of blinking
 l - 3 scrolls of amnesia
 u - 2 scrolls of identify
 v - a scroll of fear
Potions
 b - 3 potions of mutation
 f - 4 potions of curing
 h - a potion of haste
 i - 4 potions of magic
Comestibles
 e - 11 rations {!d}


   Skills:
 + Level 12.0 Fighting
 * Level 19.8 Polearms
 + Level 8.7 Armour
 + Level 13.4 Dodging
 + Level 11.0 Shields
 + Level 11.0 Invocations
 + Level 10.2 Evocations


You had 10 spell levels left.
You didn't know any spells.
Your spell library was empty.

Dungeon Overview and Level Annotations

Branches:
Dungeon (1/1)

Altars:
Cheibriados
Dithmenos
Elyvilon
Fedhas
Gozag
Hepliaklqana
Kikubaaqudgha
Lugonu
Makhleb
Nemelex Xobeh
Okawaru
Qazlal
Ru
Sif Muna
Trog
Uskayaw
Vehumet
Wu Jian
Xom
Yredelemnul
Zin
The Shining One
Beogh
Jiyva

Shops:
D ?


Message History

You completely miss the deep troll.
The deep troll is severely wounded.
Your divine shield fades away.
You puncture the deep troll!
The deep troll is almost dead.
You block the deep troll's attack. The deep troll barely misses you.
The deep troll closely misses you.
You impale the deep troll!!
You kill the deep troll!
The troll leather armour is intact enough to wear.
Your Fighting skill increases to level 12!
Your Shields skill increases to level 11!
Your Invocations skill increases to level 11!
You puncture the troll!
The troll is heavily wounded.
The troll misses you. You block the troll's attack. x2
You completely miss the troll.
The troll is moderately wounded.
The troll bites you.
You die...

▓.▓.▓.▓.▓∩*,*,*,*,*,*,*,*,
▓.▓.▓.▓.▓$▓,*,*,*,*,*,*,*,
▓.▓.▓.▓.▓∩▓,*,*,*,*,*,*,*,
▓)▓.▓.▓.▓$▓,*,*,*+*,*,*,*,
▓|▓.▓.▓.▓$▓,*,*,*,*,*,*,*,
▓.▓.▓.▓.▓$▓,*,*,*,*,*,*,*,
▓!▓.▓.▓.▓T▓,*+*,*,*,*,*,*,
▓'▓.▓÷▓.▓T▓,*,*,*,*,*,*,*,
▓_▓.▓.▓.▓@▓,*,*,*,*,*,*,*,
▓_▓.▓.▓.▓.▓,*,*,*,*,*,*,*,
▓_▓.▓.▓.▓.▓,*,*,*,*,*,*,*,
▓_▓.▓.▓.▓.▓,*,*,*,*,*,*,*,
▓_▓.▓.▓.▓.▓,*,*,*,*,*+*,*,
▓_▓.▓.▓.▓.▓,*,*,*+*,*,*,*,
▓_▓.▓.▓.▓.▓,*,*,*,*,*,*,*,
▓_▓.▓.▓.▓.▓,*,*,*,*,*,*,*,
▓_▓.▓.▓.▓.▓,*,*,*,*,*,*,*,


You could see 2 trolls.

Vanquished Creatures
  An ogre mage (D)
  A hydra (D)
  Erolcha (D)
  2 two-headed ogres (D)
  2 deep trolls (D)
  2 iron trolls (D)
  4 orc knights (D)
  An elephant (D)
  An ugly thing (D)
  A torpor snail (D)
  A komodo dragon (D)
  A troll (D)
  A hippogriff (D)
  2 yaks (D)
  A crocodile (D)
  3 water moccasins (D)
  3 porcupines (D)
  9 orc warriors (D)
  4 hell hounds (D)
  5 wolves (D)
  A centaur (D)
  4 bullfrogs (D)
  A scorpion (D)
  A killer bee (D)
  A wight (D)
  A howler monkey (D)
  2 orc priests (D)
  5 orc wizards (D)
  An iguana (D)
  A shadow imp (D)
  An ooze (D)
  7 orcs (D)
  A bat (D)
  A giant cockroach (D)
  A goblin (D)
  A hobgoblin (D)
  A kobold (D)
  A ball python skeleton (D)
  A leopard gecko zombie (D)
  A rat (D)
80 creatures vanquished.

Notes
Turn   | Place    | Note
-------+----------+-------------------------------------------
     0 | D        | Freyura the Merfolk Fighter began the quest for the Orb.
     0 | D        | Reached XP level 1. HP: 18/18 MP: 1/1
     9 | D        | Reached skill level 1 in Dodging
    15 | D        | Reached skill level 4 in Polearms
    73 | D        | Noticed an orc wizard
    73 | D        | Noticed an iguana
    76 | D        | Reached XP level 2. HP: 25/25 MP: 2/2
    77 | D        | Reached skill level 5 in Polearms
    83 | D        | Reached skill level 6 in Polearms
    83 | D        | Reached XP level 3. HP: 31/31 MP: 3/3
    88 | D        | Reached skill level 7 in Polearms
    88 | D        | Reached XP level 4. HP: 28/38 MP: 4/4
    97 | D        | Found a roughly hewn altar of Beogh.
    97 | D        | Found a snail-covered altar of Cheibriados.
    97 | D        | Found a shadowy altar of Dithmenos.
    97 | D        | Found a white marble altar of Elyvilon.
    97 | D        | Found a blossoming altar of Fedhas.
    97 | D        | Found an opulent altar of Gozag.
    98 | D        | Found a hazy altar of Hepliaklqana.
    99 | D        | Found a viscous altar of Jiyva.
   100 | D        | Found an ancient bone altar of Kikubaaqudgha.
   101 | D        | Found a corrupted altar of Lugonu.
   102 | D        | Found a burning altar of Makhleb.
   103 | D        | Found a sparkling altar of Nemelex Xobeh.
   104 | D        | Found an iron altar of Okawaru.
   105 | D        | Found a stormy altar of Qazlal.
   106 | D        | Found a sacrificial altar of Ru.
   107 | D        | Found a shimmering blue altar of Sif Muna.
   108 | D        | Found a bloodstained altar of Trog.
   109 | D        | Found a hide-covered altar of Uskayaw.
   110 | D        | Found a radiant altar of Vehumet.
   111 | D        | Found an ornate altar of the Wu Jian Council.
   112 | D        | Found a shimmering altar of Xom.
   113 | D        | Found a basalt altar of Yredelemnul.
   114 | D        | Found a glowing silver altar of Zin.
   115 | D        | Found a glowing golden altar of the Shining One.
   123 | D        | Became a worshipper of the Shining One
   166 | D        | Noticed a two-headed ogre
   166 | D        | Reached * piety under the Shining One
   175 | D        | Reached skill level 5 in Fighting
   175 | D        | Reached skill level 8 in Polearms
   175 | D        | Reached skill level 1 in Invocations
   175 | D        | Reached skill level 1 in Evocations
   175 | D        | Reached XP level 5. HP: 44/44 MP: 4/6
   189 | D        | Killed a two-headed ogre
   189 | D        | Reached skill level 12 in Polearms
   189 | D        | Reached skill level 5 in Armour
   189 | D        | Reached skill level 5 in Invocations
   189 | D        | Reached skill level 5 in Evocations
   189 | D        | Reached XP level 6. HP: 9/55 MP: 5/9
   189 | D        | Reached XP level 7. HP: 10/60 MP: 5/10
   191 | D        | Reached ** piety under the Shining One
   194 | D        | Reached XP level 8. HP: 12/67 MP: 5/12
   484 | D        | Noticed a two-headed ogre
   484 | D        | Reached *** piety under the Shining One
   484 | D        | Noticed a white ugly thing
   502 | D        | Killed a white ugly thing
   502 | D        | Reached skill level 13 in Polearms
   518 | D        | Killed a two-headed ogre
   518 | D        | Reached skill level 14 in Polearms
   518 | D        | Reached XP level 9. HP: 35/75 MP: 12/14
   535 | D        | Reached **** piety under the Shining One
   865 | D        | Noticed a five-headed hydra
   878 | D        | Reached ***** piety under the Shining One
   883 | D        | Reached skill level 15 in Polearms
   883 | D        | Reached skill level 10 in Dodging
   894 | D        | Killed a five-headed hydra
   901 | D        | Reached XP level 10. HP: 25/84 MP: 14/16
   910 | D        | Reached skill level 16 in Polearms
  1088 | D        | Noticed an elephant
  1097 | D        | Reached skill level 10 in Fighting
  1105 | D        | Noticed a torpor snail
  1112 | D        | Killed an elephant
  1147 | D        | Killed a torpor snail
  1147 | D        | Reached skill level 17 in Polearms
  1446 | D        | Reached ****** piety under the Shining One
  1578 | D        | Noticed Erolcha
  1589 | D        | Killed Erolcha
  1589 | D        | Reached XP level 11. HP: 92/92 MP: 16/18
  1649 | D        | Reached skill level 18 in Polearms
  1649 | D        | Reached skill level 10 in Shields
  1714 | D        | Noticed an orc knight
  1714 | D        | Noticed an orc knight
  1735 | D        | Killed an orc knight
  1753 | D        | Noticed an orc knight
  1759 | D        | Killed an orc knight
  1759 | D        | Reached skill level 10 in Invocations
  1763 | D        | Noticed an orc knight
  1795 | D        | Killed an orc knight
  1829 | D        | Killed an orc knight
  2099 | D        | Found Raoklef's Magic Scroll Boutique.
  2099 | D        | Noticed a deep troll
  2099 | D        | Noticed an ogre mage
  2099 | D        | Noticed an iron troll
  2099 | D        | Noticed an iron troll
  2109 | D        | Noticed a deep troll
  2145 | D        | Killed an iron troll
  2145 | D        | Reached skill level 19 in Polearms
  2150 | D        | HP: 3/141 [iron troll (13)]
  2157 | D        | HP: 1/141 [iron troll (3)]
  2160 | D        | The Shining One protects you from harm!
  2163 | D        | Killed an iron troll
  2167 | D        | Killed an ogre mage
  2167 | D        | Reached skill level 10 in Evocations
  2175 | D        | Killed a deep troll
  2186 | D        | HP: 2/95 [deep troll (9)]
  2189 | D        | Killed a deep troll
  2191 | D        | Slain by a troll

Skill      XL: |  1  2  3  4  5  6  7  8  9 10 11 |
---------------+----------------------------------+-----
Dodging        | 2 3 4 7 8 9 10 12 13 | 13.4
Polearms       | 4 6 7 8 12 14 15 17 19 | 19.8
Fighting       | 4 5 7 8 9 10 12 | 12.0
Armour         | 3 5 6 7 8 |  8.7
Shields        | 4 6 8 9 11 | 11.0
Invocations    | 1 5 6 8 9 11 | 11.0
Evocations     | 1 5 6 7 8 10 | 10.2

Action                   |  1- 3 |  4- 6 |  7- 9 | 10-12 || total
-------------------------+-------+-------+-------+-------++-------
Melee: Trident           |    32 |    21 |    92 |   387 ||   532
Invok: Divine Shield     |       |       |     1 |     4 ||     5
Evoke: Wand              |       |     1 |       |     1 ||     2
  Use: Potion            |     1 |     4 |       |     5 ||    10
       Scroll            |       |       |     3 |     1 ||     4
  Eat: Chunk             |       |       |       |     5 ||     5
Armor: Scale mail        |     3 |     6 |    15 |    23 ||    47
Dodge: Dodged            |     6 |    16 |    27 |    60 ||   109
Block: Shield            |     9 |    12 |    44 |   177 ||   242
